 Dungeon Crawl Stone Soup version 0.23-a0-417-gf02c810438 (webtiles) character file.

28 Notair the Poker (level 2, -3/25 HPs)
             Began as a Minotaur Gladiator on Nov 10, 2018.
             Slain by a bullfrog (6 damage)
             ... on level 1 of the Dungeon.
             The game lasted 00:02:10 (841 turns).

Notair the Poker (Minotaur Gladiator)                Turns: 841, Time: 00:02:10

Health: -3/25      AC:  4    Str: 18    XL:     2   Next: 96%
Magic:  1/1        EV: 12    Int:  5    God:
Gold:   112        SH:  0    Dex: 11    Spells: 1/1 levels left

rFire    . . .     SeeInvis .   a - +0 trident
rCold    . . .     Gourm    .   (no shield)
rNeg     . . .     Faith    .   b - +0 leather armour
rPois    .         Spirit   .   c - +0 hat
rElec    .         Reflect  .   (no cloak)
rCorr    .         Harm     .   g - +0 pair of gloves
MR       .....                  (no boots)
Stlth    +.........             (no amulet)
HPRegen  0.08/turn              (no ring)
MPRegen  0.07/turn              (no ring)

@: lethally poisoned (-3 -> -7)
A: retaliatory headbutt, horns 2
a: no special abilities


You were on level 1 of the Dungeon.
You were not hungry.

You visited 1 branch of the dungeon, and saw 2 of its levels.

You collected 112 gold pieces.

Inventory:

Hand Weapons
 a - a +0 trident (weapon)
Missiles
 d - 3 throwing nets (quivered)
 h - 14 poisoned needles
 m - 26 stones
 p - 19 sling bullets
 q - 3 curare-tipped needles
Armour
 b - a +0 leather armour (worn)
 c - a +0 hat (worn)
 g - a +0 pair of gloves (worn)
Scrolls
 e - 3 scrolls of identify {unknown}
 i - a scroll of magic mapping {unknown}
 k - a scroll of enchant armour {unknown}
 o - a scroll of random uselessness {unknown}
Potions
 j - a potion of resistance {unknown}
 l - a potion of haste {unknown}
 n - a potion of heal wounds {unknown}
 r - a potion of degeneration {unknown}
Comestibles
 f - 4 rations


   Skills:
 + Level 2.9 Fighting
 * Level 4.4 Polearms
 - Level 2.0 Throwing
 + Level 1.3 Armour
 - Level 3.2 Dodging


You had one spell level left.
You didn't know any spells.
Your spell library was empty.

Dungeon Overview and Level Annotations

Branches:
Dungeon (2/15)

Altars:


Innate Abilities, Weirdness & Mutations

You reflexively headbutt those who attack you in melee.
You have a pair of horns on your head.


Message History

* * * LOW HITPOINT WARNING * * *
* * * LOW HITPOINT WARNING * * *
You feel sick.
There is a stone staircase leading up here.
The bullfrog completely misses you. The bullfrog barely misses you.
You climb upwards.
There is a stone staircase leading down here.
You closely miss the bullfrog.
The bullfrog is almost dead.
* * * LOW HITPOINT WARNING * * *
You feel sick. The bullfrog completely misses you.
The bullfrog hits you but does no damage.
You miss the bullfrog. Your headbutt misses the bullfrog.
The bullfrog is almost dead.
The bullfrog hits you.
* * * LOW HITPOINT WARNING * * *
You barely miss the bullfrog.
The bullfrog is almost dead.
The bullfrog hits you.
You die...

#...# #....# ######.# #...#
#########.########### #.# #...#
#.......#...........# #.#
##...###.#####.#...........# #.#
...........###.#...........# #.#
............##.#...........# #..
...............#...........# ###
##...###.##.#..............# ####
#...# #.......#@..........###...
#...###.##.....F...##.####......
#...##..........##.##.# #.##.##
##...##..###...#.##.##.####.##...
.....##........#....>.....#.##.##
###..รท.................##.#.##.##
###.###.##.#.#.........##.#......
.##.# #.##.#.###.###.#.........##
.##.# #.......##.# #.####.######


You could see a bullfrog.

Vanquished Creatures
  A dart slug (D:2)
  A leopard gecko (D:1)
  5 bats (D:1)
  3 goblins (D:1)
  4 jackals (D:1)
  A ball python (D:1)
  A frilled lizard (D:1)
  2 kobolds (D:1)
  5 rats (D:1)
23 creatures vanquished.

Notes
Turn   | Place    | Note
-------+----------+-------------------------------------------
     0 | D:1      | Notair the Minotaur Gladiator began the quest for the Orb.
     0 | D:1      | Reached XP level 1. HP: 18/18 MP: 0/0
   164 | D:1      | Reached skill level 4 in Polearms
   238 | D:1      | Reached XP level 2. HP: 25/25 MP: 1/1
   256 | D:1      | Reached skill level 1 in Armour
   828 | D:2      | Noticed a bullfrog
   841 | D:1      | Slain by a bullfrog

Vault maps used:
D:1:      ncdulo_wetmaze
D:2:      lemuel_crystal_altar, minmay_randomly_rotated_circles, uniq_jessica,
          uniq_sigmund

Skill      XL: |  1  2 |
---------------+-------+-----
Polearms       | 4 |  4.4
Armour         | 1 |  1.3
Fighting       | |  2.9
Throwing       | |  2.0
Dodging        | |  3.2

Action                   || total
-------------------------++-------
Melee: Trident           ||    52
       Headbutt          ||     5
 Stab: Sleeping          ||     1
Armor: Leather armour    ||    11
Dodge: Dodged            ||    28

Table legend:
 A = Non-vault XP
 B = Vault XP
 C = Vault XP percentage of total XP
 D = Non-vault monster count
 E = Vault monster count
 F = Vault count percentage of total count
                 A         B        C        D         E       F
            +---------+---------+-------+---------+---------+-------
      Total |      40 |       0 |   0.0 |      23 |       0 |   0.0
            +---------+---------+-------+---------+---------+-------
        D:1 |      36 |       0 |   0.0 |      22 |       0 |   0.0
        D:2 |       4 |       0 |   0.0 |       1 |       0 |   0.0
            +---------+---------+-------+---------+---------+-------
